 Dungeon Crawl Stone Soup version 0.29-a0-723-gce39da1c22 (webtiles) character file.

Game seed: 9427155411381896409

2313 billz999 the Slicer (level 9, -2/64 (74) HPs)
             Began as a Merfolk Gladiator on June 29, 2022.
             Was an Elder of Cheibriados.
             Slain by a wight
             ... wielding a +4 scimitar
              (4 damage)
             ... on level 5 of the Dungeon.
             The game lasted 00:18:16 (5710 turns).

billz999 the Slicer (Merfolk Gladiator)             Turns: 5710, Time: 00:18:17

HP:   -2/64 (74)    AC: 10    Str: 24    XL:     9   Next: 41%
MP:   9/9           EV: 14    Int: 17    God:    Cheibriados [****..]
Gold: 237           SH:  0    Dex: 27    Spells: 8/8 levels left

rFire   + . .      SeeInvis +   x - +8 dagger of Karma {drain, rF+ Str-3 Dex+3 SInv}
rCold   . . .      Faith    .   (no shield)
rNeg    . . .      Spirit   .   r - +0 chain mail
rPois   .          Reflect  .   c - +0 helmet
rElec   .          Harm     .   (no cloak)
rCorr   .          Rampage  .   (no gloves)
Will    .....                   l - +0 pair of boots
Stlth   ..........              (no amulet)
HPRegen 0.20/turn               (no ring)
MPRegen 0.11/turn               (no ring)

@: heavily drained, very slow
A: (nimble swimmer 2), mertail
a: Renounce Religion, Bend Time, Temporal Distortion, Slouch


You were on level 5 of the Dungeon.
You worshipped Cheibriados.
Cheibriados was greatly pleased with you.
You visited 1 branch of the dungeon, and saw 5 of its levels.
You also visited: Ossuary.

You collected 237 gold pieces.

Inventory:

Hand Weapons
 a - a +0 trident
 k - the +2 sling of Wu Jian, Sharing {speed, rPois rF- rN+ Str+7}
   (You found it on level 2 of the Dungeon)

   Attacks with this weapon are significantly faster.
   Str:       It affects your strength (+7).
   rF:        It makes you vulnerable to fire.
   rPois:     It protects you from poison.
   rN:        It protects you from negative energy.
   Cheibriados disapproves of the use of such an item.
 u - a +0 club
 v - a +1 short sword of distortion
 x - the +8 dagger of Karma (weapon) {drain, rF+ Str-3 Dex+3 SInv}
   (You found it on level 3 of the Dungeon)

   A truly terrible weapon, it drains the life of any living foe it strikes.
   Str:       It affects your strength (-3).
   Dex:       It affects your dexterity (+3).
   rF:        It protects you from fire.
   SInv:      It lets you see invisible.
Missiles
 d - 3 throwing nets
 e - a javelin (quivered)
 t - 45 stones
Armour
 b - a +0 leather armour
 c - a +0 helmet (worn)
 l - a +0 pair of boots (worn)
 r - a +0 chain mail (worn)
Jewellery
 m - an amulet of faith
 n - an amulet of the acrobat
 H - a ring of ice
Wands
 w - a wand of quicksilver (4)
 y - a wand of iceblast (7)
 A - a wand of charming (10)
 J - a wand of polymorph (4)
Scrolls
 f - 3 scrolls of amnesia
 h - a scroll of fog
 j - 3 scrolls of teleportation
 q - 2 scrolls of enchant weapon
 z - 2 scrolls of vulnerability
 B - 2 scrolls of identify
 D - a scroll of magic mapping {unknown}
 G - a scroll of brand weapon {unknown}
 K - 3 scrolls of poison {unknown}
Potions
 g - 2 potions of flight {unknown}
 i - 4 potions of attraction
 o - 2 potions of mutation {unknown}
 p - 2 potions of lignification {unknown}
 s - 2 potions of brilliance {unknown}
 C - 3 potions of heal wounds {unknown}
 E - 3 potions of curing {unknown}
 F - a potion of magic {unknown}
 I - a potion of might {unknown}


   Skills:
 * Level 8.1 Fighting
 * Level 8.2 Short Blades
 - Level 4.9 Polearms
 - Level 3.6 Ranged Weapons
 - Level 2.0 Throwing
 + Level 7.8 Dodging


You had 8 spell levels left.
You didn't know any spells.
Your spell library contained the following spells:

 Spells                   Type           Power      Damage    Failure   Level
 Shock                    Conj/Air       0%         1d3       90%         1
 Summon Small Mammal      Summ           0%         N/A       90%         1
 Blink                    Tloc           0%         N/A       97%         2
 Call Canine Familiar     Summ           0%         N/A       99%         3
 Lesser Beckoning         Tloc           0%         N/A       99%         3
 Ozocubu's Armour         Ice            0%         N/A       99%         3
 Summon Guardian Golem    Hex/Summ       0%         N/A       99%         3
 Swiftness                Air            0%         N/A       99%         3
 Airstrike                Air            0%         N/A       100%        4
 Manifold Assault         Tloc           0%         N/A       100%        5
 Ozocubu's Refrigeration  Ice            0%         4d5       100%        7


Dungeon Overview and Level Annotations

Branches:
Dungeon (5/15)             Temple (0/1) D:5         Ossuary (visited)

Altars:
Cheibriados
Gozag
Hepliaklqana
Kikubaaqudgha
Uskayaw
The Shining One


Innate Abilities, Weirdness & Mutations

((You are very nimble when in or above water. (Stealth+, EV+, Speed+++)))
Your lower body shifts to a powerful aquatic tail in water.


Message History

Search for what [Enter for "buck", or ? for help]? shield Can't find anything matching that.
You see here a +0 pair of boots.
K - 3 scrolls labelled BANKAG UTAHO A wight comes into view.
It is wielding a +3 great sword of freezing.
A wight comes into view. It is wielding a +4 scimitar.
The wight hits you with a +3 great sword of freezing!
The wight freezes you.
You hit the wight.
The wight is lightly damaged.
The wight hits you with a +3 great sword of freezing!
You feel drained. The wight freezes you.
You puncture the wight!
The wight is heavily damaged.
You hit the wight but do no damage.
The wight is heavily damaged.
The wight hits you but does no damage. The wight hits you with a +4 scimitar.
You feel drained.
You hit the wight but do no damage.
The wight is heavily damaged.
You hit the wight.
The wight is heavily damaged.
The wight hits you with a +4 scimitar.
You feel drained.
The wight hits you with a +3 great sword of freezing!
You feel drained. The wight freezes you.
You are too injured to fight recklessly!
You are too injured to fight recklessly!
You are too injured to fight recklessly!
You hit the wight.
The wight is severely damaged.
The wight hits you with a +3 great sword of freezing!
* * * LOW HITPOINT WARNING * * *
You feel drained.
* * * LOW HITPOINT WARNING * * *
The wight freezes you.
* * * LOW HITPOINT WARNING * * *
The wight hits you with a +4 scimitar!
* * * LOW HITPOINT WARNING * * *
You feel drained.
You die...

######## ## # #......### ...#. #.
#.# #..... .... # #.##.###..##.
#.#.#### .# #........##.
##.#....# .#.##.####.#..
........# #.# #.# #.##.
.####....######.###.####.###
..........z@.............# # .
..≈≈≈≈.._.z≈≈≈≈..####...## # .
..$....................## ## .##
#######.#######..####### ##. ..##
####.# ##.### ##.. ...## ##.##÷#
#.#.## ##...
....####...#.########....####..>.
....'................)......+....
....####...#.#######.)...####....


You could see 2 wights.

Vanquished Creatures
  Pikel (D:5)
  Grinder (D:4)
  Sigmund (D:3)
  A wraith (Ossuary)
  Eustachio (D:4)
  An acid dragon (D:5)
  Duvessa (D:4)
  4 elf zombies (D:5)
  2 necrophages (D:5)
  2 scorpions
  Dowan (D:4)
  A human zombie (D:5)
  3 hounds
  A jelly (D:5)
  2 orc priests
  Ijyb (D:5)
  An iguana (D:4)
  An orc wizard (D:5)
  3 mummies (Ossuary)
  4 adders
  10 orcs
  6 ball pythons
  7 endoplasms
  7 giant cockroaches
  A gnoll zombie (Ossuary)
  4 goblins
  3 hobgoblins
  6 jackals
  3 quokkas
  5 bats
  A frilled lizard (D:3)
  4 goblin zombies (Ossuary)
  3 hobgoblin zombies (Ossuary)
  6 kobolds
  5 kobold zombies (Ossuary)
  An orc zombie (D:5)
  A rat (D:2)
106 creatures vanquished.

Notes
Turn   | Place    | Note
-------+----------+-------------------------------------------
     0 | D:1      | billz999 the Merfolk Gladiator began the quest for the Orb.
     0 | D:1      | Reached XP level 1. HP: 16/16 MP: 1/1
    65 | D:1      | Found a faded altar of an unknown god.
    74 | D:1      | Prayed at the altar of an unknown god.
    74 | D:1      | Became a worshipper of Cheibriados the Contemplative
    74 | D:1      | Reached * piety under Cheibriados
   100 | D:1      | Reached XP level 2. HP: 7/23 MP: 2/2
  1169 | D:2      | Reached XP level 3. HP: 28/28 MP: 3/3
  1176 | D:2      | Reached ** piety under Cheibriados
  1264 | D:2      | Identified the +2 sling of Wu Jian, Sharing {speed, rPois
                  | rF- rN+ Str+7}
  2028 | D:3      | Reached skill level 1 in Ranged Weapons
  2067 | D:3      | Found a hazy altar of Hepliaklqana.
  2133 | D:3      | Noticed Sigmund
  2141 | D:3      | Killed Sigmund
  2142 | D:3      | Reached XP level 4. HP: 33/34 MP: 4/4
  2142 | D:3      | Reached XP level 5. HP: 38/39 MP: 5/5
  2156 | D:3      | Found an opulent altar of Gozag.
  2335 | D:3      | Found a snail-covered altar of Cheibriados.
  2568 | D:3      | Found a hide-covered altar of Uskayaw.
  2649 | D:3      | Found a glowing golden altar of the Shining One.
  2760 | D:3      | Identified the +8 dagger of Karma {drain, rF+ Str-3 Dex+3
                  | SInv}
  2847 | D:4      | Noticed Grinder
  2849 | D:4      | Paralysed by Grinder for 5 turns
  2857 | D:4      | Reached skill level 1 in Short Blades
  2857 | D:4      | Reached XP level 6. HP: 29/46 MP: 2/6
  2863 | D:4      | Paralysed by Grinder for 5 turns
  2871 | D:4      | Killed Grinder
  2872 | D:4      | Reached skill level 5 in Dodging
  2872 | D:4      | Reached XP level 7. HP: 18/54 MP: 4/7
  3326 | D:4      | Noticed Duvessa
  3326 | D:4      | Noticed Dowan
  3344 | D:4      | Killed Duvessa
  3348 | D:4      | Killed Dowan
  3348 | D:4      | Reached *** piety under Cheibriados
  3349 | D:4      | Reached skill level 5 in Fighting
  3450 | D:4      | Noticed Eustachio
  3461 | D:4      | Killed Eustachio
  3462 | D:4      | Reached XP level 8. HP: 56/63 MP: 8/8
  3535 | D:4      | Reached skill level 5 in Short Blades
  3945 | D:5      | Entered Level 5 of the Dungeon
  3964 | D:5      | Found a staircase to the Ecumenical Temple.
  3972 | D:5      | Noticed Pikel
  3994 | D:5      | Killed Pikel
  4386 | D:5      | Found a sand-covered staircase.
  4404 | Ossuary  | Entered an ossuary
  4404 | Ossuary  | Noticed a wraith
  4404 | Ossuary  | Noticed a wraith
  4404 | Ossuary  | Noticed a wraith
  4729 | Ossuary  | Noticed a wraith
  4739 | Ossuary  | Killed a wraith
  4740 | Ossuary  | Reached XP level 9. HP: 52/72 MP: 9/9
  5376 | D:5      | Reached **** piety under Cheibriados
  5392 | D:5      | Found an ancient bone altar of Kikubaaqudgha.
  5430 | D:5      | Noticed Ijyb
  5436 | D:5      | Killed Ijyb
  5710 | D:5      | HP: 2/66 [wight/+4 scimitar (11)]
  5710 | D:5      | Slain by a wight

Illustrated notes

Levels and vault maps discovered:
D:1:      eino_arrival_cavern_b, layout_basic,
          hellmonk_ecumenical_altar_heavens_door, serial_park_tiny_pond
D:2:      layout_rooms, kennysheep_generic_room_3
D:3:      layout_basic, mainiacjoe_overflow_concentric_impassable,
          nicolae_overflow_quartered_altars, chequers_serial_rivers_small_b,
          st_stairs_10, minivault_23, grunt_decor_one_mirror, minivault_23,
          uniq_sigmund
D:4:      layout_loops_ring, uniq_grinder, uniq_eustachio, uniq_duvessa
D:5:      layout_loops_corners, xom_confusion_cloud,
          mainiacjoe_overflow_boulevard, mainiacjoe_overflow_swirl,
          minmay_temple_entry_waves, nicolae_ossuary_entry_catacombs,
          uniq_pikel, uniq_ijyb, uniq_edmund

Skill      XL: |  1  2  3  4  5  6  7  8  9 |
---------------+----------------------------+-----
Ranged Weapons | 3 |  3.6
Short Blades   | 1 2 4 7 8 |  8.2
Fighting       | 4 5 7 8 |  8.1
Dodging        | 5 7 |  7.8
Polearms       | |  4.9
Throwing       | |  2.0

Action                   |  1- 3 |  4- 6 |  7- 9 || total
-------------------------+-------+-------+-------++-------
Melee: Trident           |    93 |     5 |       ||    98
       Dagger            |       |     5 |   275 ||   280
       Punch             |       |       |     5 ||     5
 Fire: Sling             |     1 |     1 |       ||     2
Throw: Stone             |     6 |       |       ||     6
       Javelin           |       |       |     1 ||     1
Invok: Bend Time         |       |     1 |     1 ||     2
Evoke: Wand              |       |     4 |     1 ||     5
  Use: Scroll            |       |       |     9 ||     9
 Stab: Sleeping          |     5 |       |       ||     5
       Distracted        |     1 |       |       ||     1
Armor: Leather armour    |    21 |       |       ||    21
       Chain mail        |     6 |    10 |    75 ||    91
Dodge: Dodged            |    69 |     5 |    98 ||   172

Table legend: (Time is in decaauts)
 A = Elapsed time spent in this place.
 B = Non-inter-level travel time spent in this place.
 C = Inter-level travel time spent in this place.
 D = Time resting spent in this place.
 E = Time spent auto-exploring this place.
 F = Levels seen in this place.
 G = Mean time per level.
                   A        B        C        D        E       F      G
               +--------+--------+--------+--------+--------+-----+--------+
         Total |   7503 |   6909 |    594 |    707 |   5180 |   6 | 1250.5 |
       Dungeon |   6627 |   6033 |    594 |    707 |   4483 |   5 | 1325.4 |
       Ossuary |    876 |    876 |      0 |      0 |    696 |   1 |  876.0 |
               +--------+--------+--------+--------+--------+-----+--------+

Top non-repeatable levels by time:
     D:3: 1487 daAuts
     D:4: 1467 daAuts
     D:1: 1447 daAuts
     D:5: 1349 daAuts
 Ossuary: 876 daAuts
     D:2: 875 daAuts
